 Dungeon Sprint DCSS version 0.26-a0-30-g56b8cd3df0 (webtiles) character file.

Game seed: 5119325523590720044, levelgen mode: deterministic

322034 Kidiri the Invulnerable (level 19, -36/207 HPs)
             Began as a Minotaur Fighter on May 31, 2020.
             Was the Champion of the Shining One.
             Killed from afar by an orb of fire (85 damage)
             ... with a bolt of fire
             ... in the Dungeon (Sprint IX: "|||||||||||||||||||||||||||||").
             The game lasted 00:38:23 (11554 turns).

Kidiri the Invulnerable (Minotaur Fighter)         Turns: 11554, Time: 00:38:24

Health: -36/207    AC: 28    Str: 27      XL:     19   Next: 29%
Magic:  32/32      EV: 28    Int:  5      God:    the Shining One [******]
Gold:   1521       SH: 28    Dex: 23 (24) Spells: 18/18 levels left

rFire    x . .     SeeInvis .   L - +8 sacred scourge (holy)
rCold    + . .     Gourm    .   D - +1 buckler {reflect}
rNeg     + + +     Faith    .   J - +2 plate armour {rPois}
rPois    +         Spirit   .   F - +2 hat
rElec    +         Reflect  +   T - scarf {repulsion}
rCorr    .         Harm     .   a - +1 pair of gloves
MR       +....     NoTele   +   Q - +0 pair of boots of Duty {rElec Dex+4 Stlth-}
Stlth    ++........             M - amulet of regeneration
HPRegen  1.24/turn              q - +3 ring of dexterity
MPRegen  0.23/turn              Z - ring "Seruumam" {Ice Str+3}

@: divine shield, glowing, repel missiles
A: retaliatory headbutt, horns 2, slimy green scales 1, agile 1, deformed body,
deterioration 1, poison resistance, regeneration 1
}: 5/17 runes: decaying, serpentine, barnacled, silver, gossamer
a: Divine Shield, Cleansing Flame, Summon Divine Warrior, Renounce Religion


You were in the Dungeon.
You worshipped the Shining One.
The Shining One was exalted by your worship.
You were not hungry.

You visited 1 branch You collected 1961 gold pieces.
You spent 440 gold pieces at shops.

Inventory:

Hand Weapons
 w - a +1 eveningstar of protection
 L - a +8 sacred scourge of holy wrath (weapon)
Missiles
 c - 34 boomerangs
 s - 5 boomerangs of dispersal
 x - 5 silver boomerangs (quivered)
 B - 33 silver javelins
 C - 2 throwing nets
 S - 60 javelins
Armour
 a - a +1 pair of gloves (worn)
 b - a +1 cloak of magic resistance
 z - a +2 plate armour of fire resistance
 D - a +1 buckler of reflection (worn)
 F - a +2 hat (worn)
 J - a +2 plate armour of poison resistance (worn)
 Q - the +0 pair of boots of Duty (worn) {rElec Dex+4 Stlth-}
   (You found it in the Dungeon)

   It affects your dexterity (+4).
   It insulates you from electricity.
   It makes you less stealthy.
 T - a scarf of repulsion (worn)
Jewellery
 q - a +3 ring of dexterity (left hand)
 r - a +3 ring of strength
 t - the ring "Ripeggi" {*Slow rC++ Str+3 Dex+2 SInv}
   (You found it in the Dungeon)

   [ring of strength]

   It affects your strength (+3).
   It affects your dexterity (+2).
   It greatly protects you from cold.
   It lets you see invisible.
   It may slow you when you take damage.
 y - the ring "Quenuc" {rPois MR+ Int+4 SInv Stlth-}
   (You found it in the Dungeon)

   [ring of see invisible]

   It affects your intelligence (+4).
   It protects you from poison.
   It affects your resistance to hostile enchantments.
   It lets you see invisible.
   It makes you less stealthy.
 A - the ring "Mann" {+Inv rN+ MR+ Dex+2 Slay+3}
   (You found it in the Dungeon)

   [ring of slaying]

   It affects your dexterity (+2).
   It affects your accuracy and damage with ranged weapons and melee attacks
   (+3).
   It protects you from negative energy.
   It affects your resistance to hostile enchantments.
   It lets you turn invisible.
 E - the amulet of Teyp {+Inv rPois MR- Regen+ Int+3}
   (You found it in the Dungeon)

   [amulet of regeneration]

   It affects your intelligence (+3).
   It protects you from poison.
   It affects your resistance to hostile enchantments.
   It lets you turn invisible.
   It increases your rate of regeneration.
 H - an uncursed ring of protection from magic
 I - an uncursed ring of positive energy
 K - an uncursed ring of protection from magic
 M - an amulet of regeneration (around neck)
 N - a +2 ring of slaying
 P - a +4 ring of evasion
 Z - the ring "Seruumam" (right hand) {Ice Str+3}
   (You found it in the Dungeon)

   [ring of ice]

   It enhances your ice magic.
   It affects your strength (+3).
   It makes you vulnerable to fire.
   It protects you from cold.
Wands
 p - a wand of iceblast (9)
 V - a wand of polymorph (7)
 X - a wand of random effects (18)
Scrolls
 j - 2 scrolls of identify
 k - 9 scrolls of blinking
 l - 4 scrolls of fear
 n - 7 scrolls of remove curse
 o - 2 scrolls of amnesia
 v - 4 scrolls of fog
 R - 3 scrolls of enchant armour
 W - a scroll of vulnerability
 Y - a scroll of immolation
Potions
 d - 2 potions of might
 e - 14 potions of curing
 g - 12 potions of heal wounds
 h - 7 potions of haste
 i - 9 potions of magic
 m - a potion of invisibility
 u - 3 potions of stabbing
 G - 3 potions of brilliance
Comestibles
 f - 5 rations


   Skills:
 O Level 27 Fighting
 O Level 27 Maces & Flails
 + Level 23.5 Throwing
 O Level 27 Armour
 + Level 25.2 Dodging
 + Level 22.0 Stealth
 O Level 27 Shields
 + Level 21.6 Invocations


You had 18 spell levels left.
You didn't know any spells.
Your spell library was empty.

Dungeon Overview and Level Annotations

Branches:
Dungeon (1/1)

Altars:
Cheibriados
Dithmenos
Elyvilon
Fedhas
Gozag
Hepliaklqana
Kikubaaqudgha
Makhleb
Nemelex Xobeh
Okawaru
Qazlal
Ru
Sif Muna
Trog
Uskayaw
Vehumet
Wu Jian
Xom
Yredelemnul
Zin
The Shining One
Beogh
Jiyva
Lugonu

Shops:
D %:}[


Innate Abilities, Weirdness & Mutations

You reflexively headbutt those who attack you in melee.
You have a pair of horns on your head.
You are partially covered in slimy green scales. (AC +2)
You are agile. (Dex +2)
Armour fits poorly on your strangely shaped body.
Your body sometimes deteriorates upon taking damage.
Your system is resistant to poisons. (rPois)
Your natural rate of healing is unusually fast.


Message History

The Shining One protects you from harm!
The fireball engulfs the orb of fire.
The orb of fire completely resists.
Things that are here:
+0 gold dragon scales; a golden dragon corpse You are too injured to fight recklessly!
You are too injured to fight recklessly!
You are too injured to fight recklessly!
You are too injured to fight recklessly!
You are too injured to fight recklessly!
You are too injured to fight recklessly!
You barely miss the orb of fire.
You feel much better.
The orb of fire glows red.
The bolt of fire misses you.
Unknown command.
You feel much better.
A moth of wrath comes into view.
The orb of fire emits a lurid red light.
The bolt of fire hits you!!!! The fire burns you terribly!
You die...

▓.▓.▓)▓.▓.▓.▓.▓.▓)
▓'▓.▓)▓.▓.▓.▓.▓.▓.
▓.▓.▓.▓.▓[▓.▓.▓.▓)
▓+▓.▓.▓.▓[▓.▓.▓.▓)
▓.▓.▓.▓.▓[▓.▓.▓.▓)
▓'▓.▓)▓.▓[▓.▓.▓)▓)
▓.▓.▓'▓.▓[▓.▓.▓.▓.
▓'▓.▓.▓.▓[▓.▓.▓.♣'
▓@▓.▓)▓.▓[▓.▓'▓.♣.
▓*▓.▓)▓.▓.▓.▓)▓.♣.
▓D▓.▓.▓.▓.▓.▓.▓.♣.
▓y▓.▓)▓.▓.▓.▓)▓.♣.
▓z▓.▓.▓.▓.▓.▓)▓.♣.
▓D▓.▓.▓.▓.▓.▓)▓.♣.
▓y▓.▓.▓.▓.▓.▓)▓.♣.
▓y▓.▓'▓.▓.▓.▓)▓.♣.
▓.▓)▓.▓.▓.▓(▓.♣.


You could see an orb of fire, a shadow dragon (berserk), a storm dragon, a death
cob and 3 moths of wrath.

Vanquished Creatures
  2 orbs of fire (D)
  An ancient lich (D)
  Mennas (D)
  Boris (D)
  Frederick (D)
  Saint Roka (D)
  2 golden dragons (D)
  Jory (D)
  An electric golem (D)
  5 tentacled monstrosities (D)
  14 Orb Guardians (D)
  A lich (D)
  2 quicksilver dragons (D)
  Gastronok (D)
  A death cob (D)
  2 sphinxes (D)
  5 shadow dragons (D)
  Kirke (D)
  4 storm dragons (D)
  8 nagarajas (D)
  Ilsuiw (D)
  A draconian scorcher (D)
  4 frost giants (D)
  5 ghost moths (D)
  3 draconian knights (D)
  Aizul (D)
  5 emperor scorpions (D)
  Louise (D)
  2 vault wardens (D)
  2 orc warlords (D)
  3 draconian shifters (D)
  A draconian stormcaller (D)
  3 very ugly things (D)
  3 draconian annihilators (D)
  5 ironheart preservers (D)
  5 stone giants (D)
  2 red draconians (D)
  2 green draconians (D)
  5 black draconians (D)
  2 dire elephants (D)
  A vampire knight (D)
  3 purple draconians (D)
  A spark wasp (D)
  2 white draconians (D)
  3 ettins (D)
  3 merfolk javelineers (D)
  6 merfolk impalers (D)
  3 yellow draconians (D)
  7 fire dragons (D)
  2 great orbs of eyes (D)
  4 ice dragons (D)
  3 yaktaur captains (D)
  Erolcha (D)
  4 naga warriors (D)
  Harold (D)
  25 vault guards (D)
  10 hydras (D)
  An anaconda (shapeshifter) (D)
  A two-headed ogre (shapeshifter) (D)
  A merfolk avatar (D)
  3 merfolk aquamancers (D)
  3 alligators (D)
  2 centaur warriors (D)
  3 ogre magi (D)
  A tengu warrior (D)
  4 orc high priests (D)
  A naga sharpshooter (D)
  A vampire mage (D)
  A spriggan berserker (D)
  Sonja (D)
  A sea snake (D)
  An unseen horror (D)
  2 glowing orange brains (D)
  2 wizards (D)
  A flayed ghost (D)
  A spriggan druid (D)
  A deep elf archer (D)
  A naga ritualist (D)
  3 swamp dragons (D)
  An orb spider (D)
  5 ironbrand convokers (D)
  An ugly thing (D)
  3 orc knights (D)
  A salamander (D)
  A cyclops (D)
  2 wolf spiders (D)
  2 orc sorcerers (D)
  6 elephants (D)
  2 manticores (D)
  A black mamba (D)
  A water nymph (D)
  6 moths of wrath (D)
  Joseph (D)
  2 naga magi (D)
  Psyche (D)
  8 spiny frogs (D)
  A gargoyle (D)
  4 yaktaurs (D)
  2 demonic crawlers (D)
  A freezing wraith (D)
  A komodo dragon (D)
  2 guardian mummies (D)
  2 trolls (D)
  2 meliai (shapeshifter) (D)
  A polar bear (D)
  2 merfolk (D)
  3 jumping spiders (D)
  A blink frog (D)
  5 slime creatures (D)
  A snapping turtle (D)
  4 redbacks (D)
  Eustachio (D)
  4 humans (D)
  A yak (D)
  A shadow (D)
  A tarantella (shapeshifter) (D)
  A tarantella (D)
  A basilisk (D)
  2 hogs (D)
  2 vampire mosquitoes (D)
  4 nagas (D)
  A warg (D)
  A soldier ant (D)
  An acid dragon (D)
  2 water moccasins (D)
  2 floating eyes (D)
  16 orc warriors (D)
  2 porcupines (D)
  A black bear (D)
  2 ogres (D)
  A wolf (shapeshifter) (D)
  A centaur (D)
  3 bullfrogs (D)
  A killer bee (D)
  7 orc priests (D)
  2 hounds (D)
  2 orc wizards (D)
  A worker ant (D)
  An adder skeleton (D)
  11 orcs (D)
  A bat skeleton (D)
  A giant cockroach (D)
  A jackal (D)
  2 quokkas (D)
  3 bats (D)
  A bat simulacrum (D)
  A goblin (D)
  A leopard gecko skeleton (D)
  A rat (D)
390 creatures vanquished.

Notes
Turn   | Place    | Note
-------+----------+-------------------------------------------
     0 | D        | Kidiri the Minotaur Fighter began the quest for the Orb.
     0 | D        | Reached XP level 1. HP: 19/19 MP: 0/0
    53 | D        | Noticed a hound
    64 | D        | Reached XP level 2. HP: 26/28 MP: 1/1
    72 | D        | Reached skill level 5 in Fighting
    72 | D        | Reached skill level 1 in Throwing
    72 | D        | Reached skill level 5 in Armour
    72 | D        | Reached skill level 1 in Dodging
    72 | D        | Reached skill level 1 in Stealth
    72 | D        | Reached skill level 5 in Shields
    72 | D        | Reached XP level 3. HP: 29/36 MP: 2/2
   133 | D        | Found a roughly hewn altar of Beogh.
   133 | D        | Found a snail-covered altar of Cheibriados.
   133 | D        | Found a shadowy altar of Dithmenos.
   133 | D        | Found a white marble altar of Elyvilon.
   133 | D        | Found a blossoming altar of Fedhas.
   133 | D        | Found an opulent altar of Gozag.
   134 | D        | Found a hazy altar of Hepliaklqana.
   135 | D        | Found a viscous altar of Jiyva.
   136 | D        | Found an ancient bone altar of Kikubaaqudgha.
   137 | D        | Found a corrupted altar of Lugonu.
   138 | D        | Found a burning altar of Makhleb.
   139 | D        | Found a sparkling altar of Nemelex Xobeh.
   140 | D        | Found an iron altar of Okawaru.
   141 | D        | Found a stormy altar of Qazlal.
   142 | D        | Found a sacrificial altar of Ru.
   143 | D        | Found a shimmering blue altar of Sif Muna.
   144 | D        | Found a bloodstained altar of Trog.
   145 | D        | Found a hide-covered altar of Uskayaw.
   146 | D        | Found a radiant altar of Vehumet.
   147 | D        | Found an ornate altar of the Wu Jian Council.
   148 | D        | Found a shimmering altar of Xom.
   150 | D        | Became a worshipper of Warmaster Okawaru
   152 | D        | Found a basalt altar of Yredelemnul.
   153 | D        | Found a glowing silver altar of Zin.
   154 | D        | Found a glowing golden altar of the Shining One.
   209 | D        | Noticed a centaur
   209 | D        | Noticed a killer bee
   209 | D        | Noticed a soldier ant
   209 | D        | Noticed a yak
   212 | D        | Killed a centaur
   212 | D        | Reached skill level 5 in Maces & Flails
   212 | D        | Reached XP level 4. HP: 38/44 MP: 3/3
   217 | D        | Reached XP level 5. HP: 36/51 MP: 4/4
   231 | D        | Killed a soldier ant
   231 | D        | Reached * piety under Okawaru
   231 | D        | Reached XP level 6. HP: 18/60 MP: 5/5
   237 | D        | Killed a yak
   237 | D        | Reached ** piety under Okawaru
   434 | D        | Noticed a tengu warrior
   434 | D        | Noticed a centaur warrior
   434 | D        | Noticed a centaur warrior
   434 | D        | Noticed a gargoyle
   449 | D        | Killed a tengu warrior
   449 | D        | Reached skill level 5 in Throwing
   449 | D        | Reached skill level 5 in Dodging
   449 | D        | Reached XP level 7. HP: 47/71 MP: 4/6
   449 | D        | Reached XP level 8. HP: 53/79 MP: 4/7
   456 | D        | Killed a centaur warrior
   456 | D        | Reached *** piety under Okawaru
   456 | D        | Reached **** piety under Okawaru
   456 | D        | Reached skill level 10 in Fighting
   456 | D        | Reached skill level 10 in Maces & Flails
   456 | D        | Reached skill level 10 in Armour
   456 | D        | Reached skill level 5 in Stealth
   456 | D        | Reached skill level 10 in Shields
   461 | D        | Killed a centaur warrior
   461 | D        | Reached XP level 9. HP: 61/89 MP: 3/8
   476 | D        | Killed a gargoyle
   671 | D        | Gained mutation: Your system is resistant to poisons.
                  | (rPois) [potion of mutation]
   671 | D        | Gained mutation: You are partially covered in slimy green
                  | scales. (AC +2) [potion of mutation]
   671 | D        | Gained mutation: You are agile. (Dex +2) [potion of
                  | mutation]
   671 | D        | Gained mutation: Your natural rate of healing is unusually
                  | fast. [potion of mutation]
   686 | D        | Noticed a spiny frog
   686 | D        | Noticed a spiny frog
   686 | D        | Noticed a spiny frog
   688 | D        | Noticed a spiny frog
   693 | D        | Noticed a spiny frog
   697 | D        | Killed a spiny frog
   697 | D        | Received a gift from Okawaru
   703 | D        | Killed a spiny frog
   703 | D        | Reached ***** piety under Okawaru
   715 | D        | Killed a spiny frog
   717 | D        | Killed a spiny frog
   717 | D        | Reached XP level 10. HP: 53/99 MP: 6/9
   721 | D        | Killed a spiny frog
   809 | D        | Noticed a spiny frog
   820 | D        | Killed a spiny frog
   820 | D        | Received a gift from Okawaru
   841 | D        | Received a gift from Okawaru
   860 | D        | Got a slimy plate armour {god gift}
   871 | D        | Identified the +8 plate armour of Okawaru's Generosity {rC+
                  | MP-9 Dex+3} (Okawaru gifted it to you in the Dungeon)
   881 | D        | Noticed a dire elephant
   881 | D        | Noticed an elephant
   881 | D        | Noticed an elephant
   881 | D        | Noticed an elephant
   881 | D        | Noticed an elephant
   881 | D        | Noticed a dire elephant
   904 | D        | Killed a dire elephant
   914 | D        | Killed a dire elephant
   921 | D        | Killed an elephant
   921 | D        | Reached XP level 11. HP: 101/108 MP: 1/10
  1165 | D        | Noticed Harold
  1178 | D        | Killed Harold
  1251 | D        | Noticed Erolcha
  1259 | D        | Killed Erolcha
  1290 | D        | Noticed Sonja
  1297 | D        | Killed Sonja
  1402 | D        | Reached ****** piety under Okawaru
  1530 | D        | Reached skill level 15 in Fighting
  1530 | D        | Reached skill level 15 in Shields
  1535 | D        | Reached skill level 15 in Armour
  1548 | D        | Received a gift from Okawaru
  1733 | D        | Found Potun's Food Emporium.
  1733 | D        | Noticed an orc high priest
  1733 | D        | Noticed an orc high priest
  1733 | D        | Noticed an orc sorcerer
  1740 | D        | Noticed an orc high priest
  1744 | D        | Killed an orc high priest
  1744 | D        | Reached skill level 15 in Maces & Flails
  1744 | D        | Reached skill level 10 in Dodging
  1745 | D        | Found Torraixt's Book Shoppe.
  1745 | D        | Noticed an orc sorcerer
  1752 | D        | Killed an orc high priest
  1754 | D        | Killed an orc sorcerer
  1754 | D        | Noticed a sun demon
  1758 | D        | Noticed a sun demon
  1771 | D        | Found Erruri's Gadget Emporium.
  1776 | D        | Killed an orc high priest
  1787 | D        | Killed an orc sorcerer
  1787 | D        | Reached XP level 12. HP: 53/121 MP: 5/11
  1790 | D        | Found Voviafy's Armour Shoppe.
  1940 | D        | Noticed an orc high priest
  1943 | D        | Gained mutation: Armour fits poorly on your strangely
                  | shaped body. [a neqoxec]
  1959 | D        | Killed an orc high priest
  2010 | D        | Bought a +2 plate armour of fire resistance for 440 gold
                  | pieces
  2102 | D        | Noticed Gastronok
  2120 | D        | Killed Gastronok
  2190 | D        | Noticed Psyche
  2195 | D        | Killed Psyche
  2214 | D        | Noticed Joseph
  2227 | D        | Killed Joseph
  2250 | D        | Noticed Eustachio
  2260 | D        | Killed Eustachio
  2376 | D        | Reached skill level 10 in Throwing
  2387 | D        | Noticed a vampire mage
  2405 | D        | Noticed a frost giant
  2411 | D        | Received a gift from Okawaru
  2419 | D        | Killed a vampire mage
  2421 | D        | Noticed a stone giant
  2430 | D        | Killed a frost giant
  2457 | D        | Killed a stone giant
  3057 | D        | Noticed Aizul
  3068 | D        | Killed Aizul
  3068 | D        | Received a gift from Okawaru
  3068 | D        | Reached skill level 10 in Stealth
  3153 | D        | Noticed a nagaraja
  3157 | D        | Noticed a naga warrior
  3167 | D        | Killed a nagaraja
  3167 | D        | Reached XP level 13. HP: 108/132 MP: 9/12
  3301 | D        | Received a gift from Okawaru
  3372 | D        | Received a gift from Okawaru
  3404 | D        | Received a gift from Okawaru
  3476 | D        | Noticed a merfolk impaler
  3500 | D        | Killed a merfolk impaler
  3500 | D        | Received a gift from Okawaru
  3699 | D        | Noticed a stone giant
  3699 | D        | Noticed a cyan very ugly thing
  3705 | D        | Received a gift from Okawaru
  3706 | D        | Noticed a purple very ugly thing
  3715 | D        | Reached skill level 1 in Invocations
  3718 | D        | Killed a stone giant
  3718 | D        | Received a gift from Okawaru
  3719 | D        | Noticed a red very ugly thing
  3727 | D        | Noticed a spark wasp
  3731 | D        | Killed a cyan very ugly thing
  3731 | D        | Received a gift from Okawaru
  3741 | D        | Killed a purple very ugly thing
  3741 | D        | Received a gift from Okawaru
  3753 | D        | Killed a red very ugly thing
  3756 | D        | Reached XP level 14. HP: 99/146 MP: 6/14
  3766 | D        | Noticed a stone giant
  3772 | D        | Received a gift from Okawaru
  3797 | D        | Killed a stone giant
  3797 | D        | Received a gift from Okawaru
  3826 | D        | Got a dazzling dire flail {god gift}
  3952 | D        | Noticed a frost giant
  3977 | D        | Killed a frost giant
  4133 | D        | Noticed a sphinx
  4141 | D        | Noticed an ironheart preserver
  4160 | D        | Killed an ironheart preserver
  4160 | D        | Noticed a vault warden
  4164 | D        | Killed a sphinx
  4164 | D        | Reached skill level 5 in Invocations
  4180 | D        | Killed a vault warden
  4180 | D        | Received a gift from Okawaru
  4183 | D        | Noticed an orc warlord
  4199 | D        | Killed an orc warlord
  4199 | D        | Received a gift from Okawaru
  4211 | D        | Noticed an ironheart preserver
  4223 | D        | Killed an ironheart preserver
  4230 | D        | Noticed a vampire knight
  4230 | D        | Noticed Frederick
  4237 | D        | Killed a vampire knight
  4251 | D        | Killed Frederick
  4297 | D        | Got a faintly glowing chain mail {god gift}
  4308 | D        | Identified the +0 chain mail "Zadwocs" {-Tele Harm Str-5
                  | Slay+5} (Okawaru gifted it to you in the Dungeon)
  4390 | D        | Noticed Jory
  4414 | D        | Killed Jory
  4414 | D        | Reached XP level 15. HP: 116/157 MP: 16/19
  4509 | D        | Found the +27 Lear's hauberk
  4512 | D        | Got the +0 pair of boots of Duty {rElec Dex+4 Stlth-}
  4522 | D        | Killed a ghost moth
  4723 | D        | Noticed Ilsuiw
  4774 | D        | Received a gift from Okawaru
  4791 | D        | Received a gift from Okawaru
  4811 | D        | Killed Ilsuiw
  4844 | D        | Got a barnacled rune of Zot
  4889 | D        | Noticed a nagaraja
  4889 | D        | Noticed a nagaraja
  4889 | D        | Noticed a nagaraja
  4890 | D        | Noticed a nagaraja
  4897 | D        | Noticed a nagaraja
  4903 | D        | Killed a nagaraja
  4903 | D        | Reached skill level 15 in Dodging
  4904 | D        | Noticed a nagaraja
  4909 | D        | Killed a nagaraja
  4914 | D        | Killed a nagaraja
  4916 | D        | Noticed a nagaraja
  4920 | D        | Killed a nagaraja
  4934 | D        | Killed a nagaraja
  4937 | D        | Killed a nagaraja
  4944 | D        | Killed a nagaraja
  4944 | D        | Received a gift from Okawaru
  4970 | D        | Got a serpentine rune of Zot
  5747 | D        | Received a gift from Okawaru
  5760 | D        | Received a gift from Okawaru
  5805 | D        | Got a decaying rune of Zot
  5875 | D        | Reached skill level 10 in Invocations
  5884 | D        | Killed a ghost moth
  5884 | D        | Reached XP level 16. HP: 167/171 MP: 0/22
  5932 | D        | Got a gossamer rune of Zot
  6067 | D        | Noticed Mennas
  6108 | D        | Killed Mennas
  6108 | D        | Received a gift from Okawaru
  6108 | D        | Reached skill level 15 in Throwing
  6125 | D        | Noticed Boris
  6233 | D        | Killed Boris
  6233 | D        | Received a gift from Okawaru
  6310 | D        | Received a gift from Okawaru
  6544 | D        | Identified the +1 great mace "Hydraslayer" {vorpal, rPois
                  | rF+ MR+ MP+9}
  6567 | D        | Noticed a shadow dragon
  6571 | D        | Reached skill level 15 in Stealth
  6583 | D        | Noticed a shadow dragon
  6589 | D        | Noticed a sphinx
  6597 | D        | Received a gift from Okawaru
  6603 | D        | Killed a shadow dragon
  6631 | D        | Killed a shadow dragon
  6631 | D        | Reached XP level 17. HP: 34/185 MP: 20/25
  6635 | D        | Received a gift from Okawaru
  6701 | D        | Noticed a lich
  6716 | D        | Noticed a quicksilver dragon
  6732 | D        | Received a gift from Okawaru
  6736 | D        | Killed a lich
  6762 | D        | Killed a quicksilver dragon
  6769 | D        | Got a silver rune of Zot
  6867 | D        | Noticed Saint Roka
  6885 | D        | Killed Saint Roka
  6973 | D        | Noticed Kirke
  6984 | D        | Killed Kirke
  7037 | D        | Got the ring "Seruumam" {Ice Str+3}
  7056 | D        | Got the ring "Ripeggi" {*Slow rC++ Str+3 Dex+2 SInv}
  7058 | D        | Got the ring "Quenuc" {rPois MR+ Int+4 SInv Stlth-}
  7060 | D        | Got the ring "Mann" {+Inv rN+ MR+ Dex+2 Slay+3}
  7062 | D        | Got the amulet of Teyp {+Inv rPois MR- Regen+ Int+3}
  7172 | D        | Noticed Louise
  7181 | D        | Killed Louise
  7181 | D        | Received a gift from Okawaru
  7223 | D        | Paralysed by a floating eye for 4 turns
  7257 | D        | Received a gift from Okawaru
  7473 | D        | Received a gift from Okawaru
  7582 | D        | Reached skill level 27 in Armour
  7614 | D        | Noticed a tentacled monstrosity
  7614 | D        | Noticed a tentacled monstrosity
  7623 | D        | Killed a tentacled monstrosity
  7623 | D        | Reached skill level 27 in Fighting
  7623 | D        | Reached skill level 27 in Maces & Flails
  7623 | D        | Reached skill level 27 in Shields
  7638 | D        | Killed a tentacled monstrosity
  7638 | D        | Reached skill level 15 in Invocations
  7653 | D        | Reached XP level 18. HP: 185/200 MP: 0/28
  9491 | D        | Fell from the grace of Okawaru
  9491 | D        | Became a worshipper of the Shining One
 10841 | D        | Noticed a tentacled monstrosity
 10841 | D        | Reached * piety under the Shining One
 10845 | D        | Killed a tentacled monstrosity
 10845 | D        | Reached ** piety under the Shining One
 10933 | D        | Noticed a tentacled monstrosity
 10933 | D        | Reached *** piety under the Shining One
 10941 | D        | Reached **** piety under the Shining One
 10949 | D        | Killed a tentacled monstrosity
 11137 | D        | Noticed an Orb Guardian
 11137 | D        | Noticed an Orb Guardian
 11137 | D        | Noticed an Orb Guardian
 11137 | D        | Noticed an Orb Guardian
 11137 | D        | Reached ***** piety under the Shining One
 11137 | D        | Noticed an Orb Guardian
 11137 | D        | Noticed an Orb Guardian
 11145 | D        | Killed an Orb Guardian
 11154 | D        | Killed an Orb Guardian
 11160 | D        | Killed an Orb Guardian
 11169 | D        | Killed an Orb Guardian
 11176 | D        | Killed an Orb Guardian
 11182 | D        | Killed an Orb Guardian
 11183 | D        | Noticed an Orb Guardian
 11184 | D        | Noticed an Orb Guardian
 11185 | D        | Noticed an Orb Guardian
 11193 | D        | Killed an Orb Guardian
 11200 | D        | Killed an Orb Guardian
 11202 | D        | Noticed an Orb Guardian
 11204 | D        | Killed an Orb Guardian
 11211 | D        | Killed an Orb Guardian
 11257 | D        | Noticed an Orb Guardian
 11257 | D        | Noticed an Orb Guardian
 11257 | D        | Noticed a golden dragon
 11257 | D        | Reached ****** piety under the Shining One
 11260 | D        | Noticed an Orb Guardian
 11261 | D        | Noticed an Orb Guardian
 11268 | D        | Killed an Orb Guardian
 11273 | D        | Killed an Orb Guardian
 11286 | D        | Killed a golden dragon
 11292 | D        | Killed an Orb Guardian
 11302 | D        | Killed an Orb Guardian
 11424 | D        | Identified a +8 sacred scourge of holy wrath (a +6 demon
                  | whip of electrocution blessed by the Shining One)
 11424 | D        | Received a gift from the Shining One
 11427 | D        | Noticed an ancient lich
 11434 | D        | Killed an ancient lich
 11434 | D        | Reached XP level 19. HP: 207/207 MP: 32/32
 11437 | D        | Noticed an orb of fire
 11449 | D        | Killed an orb of fire
 11509 | D        | Noticed an electric golem
 11523 | D        | Killed an electric golem
 11526 | D        | Noticed a golden dragon
 11527 | D        | Noticed an orb of fire
 11535 | D        | Noticed an orb of fire
 11535 | D        | Killed a golden dragon
 11549 | D        | Gained mutation: Your body sometimes deteriorates upon
                  | taking damage. [an orb of fire]
 11550 | D        | Killed an orb of fire
 11551 | D        | HP: 5/207 [orb of fire/bolt of fire (108)]
 11551 | D        | The Shining One protects you from harm!
 11554 | D        | Killed from afar by an orb of fire

Illustrated notes

Levels and vault maps discovered:
D:        linesprint [early_d, line_temple, items_1, d_10, items_2, lair_1,
          lair_end, items_3, orc_1, orc_end, items_4, d_15, swamp_1, shoals_1,
          snake_1, spider_1, d_20, vaults_1, items_5, swamp_end, shoals_end,
          snake_end, spider_end, vaults_end, d_27, items_6, zot_1, zot_end,
          crypt_end, forest_end, elf_end, slime_end, tomb_end, abyss_end,
          pan_hell_end]

Skill      XL: |  1  2  3  4  5  6  7  8  9 10 11 12 13 14 15 16 17 18 19 |
---------------+----------------------------------------------------------+-----
Fighting       | 4 5 6 7 9 11 12 13 15 17 19 20 22 25 27 | 27.0
Armour         | 4 5 6 7 9 11 12 13 15 17 19 20 23 25 27 | 27.0
Shields        | 4 5 6 7 9 11 12 13 15 17 19 20 22 25 27 | 27.0
Maces & Flails | 3 5 6 9 10 12 13 15 17 18 20 22 24 27 | 27.0
Throwing       | 1 2 3 5 6 7 8 9 10 11 13 14 16 18 22 23 | 23.5
Dodging        | 1 2 3 5 6 7 8 10 11 12 14 15 17 19 24 25 | 25.2
Stealth        | 1 2 3 4 5 6 7 8 10 11 12 13 15 17 21 22 | 22.0
Invocations    | 2 7 10 12 15 20 21 | 21.6

Action                   |  1- 3 |  4- 6 |  7- 9 | 10-12 | 13-15 | 16-18 | 19-21 || total
-------------------------+-------+-------+-------+-------+-------+-------+-------++-------
Melee: Flail             |    40 |    38 |    50 |   337 |       |       |       ||   465
       Headbutt          |     4 |    13 |    16 |   155 |   238 |   326 |    12 ||   764
       Demon whip        |       |       |       |    78 |   618 |   582 |       ||  1278
       Eveningstar       |       |       |       |       |       |   225 |       ||   225
       Sacred scourge    |       |       |       |       |       |     7 |    45 ||    52
Throw: Boomerang         |       |       |       |    14 |     8 |       |       ||    22
       Throwing net      |       |       |       |     1 |       |       |       ||     1
Invok: Heroism           |       |     1 |     4 |    23 |    21 |    11 |       ||    60
       Finesse           |       |       |       |     6 |    15 |    11 |       ||    32
       Divine Shield     |       |       |       |       |       |     9 |     4 ||    13
       Brand Weapon With |       |       |       |       |       |     1 |       ||     1
Evoke: Wand              |       |       |       |       |     1 |       |       ||     1
  Use: Potion            |       |     1 |     2 |     4 |       |     3 |     2 ||    12
       Scroll            |       |       |       |       |     5 |     2 |       ||     7
 Stab: Distracted        |       |       |       |       |     1 |     2 |       ||     3
  Eat: Chunk             |       |       |       |     6 |     3 |     5 |     1 ||    15
       Ration            |       |       |       |     1 |     2 |     3 |       ||     6
Armor: Scale mail        |    17 |       |       |       |       |       |       ||    17
       Plate armour      |     1 |    15 |    10 |    85 |   111 |   120 |     3 ||   345
Dodge: Dodged            |    10 |    12 |    14 |    80 |   204 |   214 |    16 ||   550
       Repelled          |       |       |       |       |       |     5 |     2 ||     7
Block: Kite shield       |    25 |    21 |    21 |   109 |       |       |       ||   176
       Buckler           |       |       |       |    41 |   170 |   285 |    25 ||   521
       Reflection        |       |       |       |     9 |     6 |     3 |       ||    18

Table legend:
 A = Non-vault XP
 B = Vault XP
 C = Vault XP percentage of total XP
 D = Non-vault monster count
 E = Vault monster count
 F = Vault count percentage of total count
                 A         B        C        D         E       F
            +---------+---------+-------+---------+---------+-------
      Total |       0 |  405086 | 100.0 |       0 |     382 | 100.0
            +---------+---------+-------+---------+---------+-------
          D |       0 |  405086 | 100.0 |       0 |     382 | 100.0
            +---------+---------+-------+---------+---------+-------
